 Dungeon Crawl Stone Soup version 0.28.0-43-g3370ac3207 (webtiles) character file.

Game seed: 9766216516893696250

26028 demenzo the Carver (level 12, -1/122 HPs)
             Began as a Troll Cinder Acolyte on Mar 30, 2022.
             Was a High Priest of Ignis.
             Slain by a ten-headed hydra (9 damage)
             ... on level 2 of the Lair of Beasts.
             The game lasted 00:19:58 (12561 turns).

demenzo the Carver (Troll Cinder Acolyte)          Turns: 12561, Time: 00:19:59

Health: -1/122     AC:  7    Str: 31    XL:     12   Next: 94%
Magic:  12/12      EV: 14    Int: 10    God:    Ignis [*****.]
Gold:   739        SH:  0    Dex:  7    Spells: 13/13 levels left

rFire   + + .      SeeInvis .   a - +7 Throatcutter {drain, coup de grace}
rCold   . . .      Faith    .   (no shield)
rNeg    . . .      Spirit   .   M - +1 robe of Vines {NoPotionHeal Regen++++}
rPois   .          Reflect  .   n - +1 hat of the Orb Guardian {rF+ Str+4}
rElec   .          Harm     .   U - +0 cloak
rCorr   .          Rampage  .   (gloves unavailable)
Will    .....                   (boots unavailable)
Stlth   +.........              (no amulet)
HPRegen 4.30/turn               G - +4 ring of evasion
MPRegen 0.13/turn               j - +4 ring of slaying

@: marked, studying Short Blades
A: large, unfitting armour, claws 3, regeneration 1, shaggy fur 1, tough skin 1
a: Renounce Religion, Fiery Armour, Foxfire Swarm, Rising Flame


You were on level 2 of the Lair of Beasts.
You worshipped Ignis.
Ignis was extremely pleased with you.
You visited 2 branches of the dungeon, and saw 14 of its levels.

You collected 809 gold pieces.
You spent 70 gold pieces at shops.

Inventory:

Hand Weapons
 a - the +7 Throatcutter (weapon) {drain, coup de grace}
   (You took it off Terence on level 3 of the Dungeon)

   A truly terrible weapon, it drains the life of any living foe it strikes.
   It may instantly kill foes which have little health.
 w - a +0 hand crossbow
Missiles
 g - a throwing net
 k - 328 stones
 t - 16 large rocks (quivered)
 v - 78 bolts
 y - 12 boomerangs
 D - 21 poisoned darts
 N - a curare-tipped dart
Armour
 n - the +1 hat of the Orb Guardian (worn) {rF+ Str+4}
   (You acquired it on level 8 of the Dungeon)

   Str:       It affects your strength (+4).
   rF:        It protects you from fire.
 M - the +1 robe of Vines (worn) {NoPotionHeal Regen++++}
   (You found it on level 2 of the Lair of Beasts)

   Its wearer cannot be healed by potions.
   Regen:     It increases your rate of health regeneration.
 S - a +2 robe of fire resistance
 U - a +0 cloak (worn)
 X - +0 acid dragon scales
Magical Staves
 V - a staff of cold
Jewellery
 c - a ring of see invisible
 j - a +4 ring of slaying (right claw)
 m - a ring of fire
 o - a ring of fire
 z - a ring of protection from fire
 G - a +4 ring of evasion (left claw)
 H - a ring of positive energy
 T - a ring of willpower
 Z - an amulet of regeneration
Wands
 f - a wand of paralysis (12)
 q - a wand of digging (6)
 u - a wand of iceblast (2)
 B - a wand of charming (2)
 J - a wand of polymorph (14)
 K - a wand of flame (35)
 W - a wand of mindburst (3)
Scrolls
 d - a scroll of noise
 h - 2 scrolls of enchant armour
 i - 3 scrolls of vulnerability
 C - 2 scrolls of magic mapping
 E - 3 scrolls of teleportation
 Q - a scroll of fog {unknown}
 R - a scroll of identify
 Y - a scroll of immolation {unknown}
Potions
 b - 7 potions of curing
 e - 5 potions of attraction
 l - 2 potions of ambrosia
 p - 4 potions of mutation
 r - 3 potions of degeneration
 s - 3 potions of invisibility
 x - 2 potions of brilliance
 A - a potion of resistance
 F - a potion of flight
 I - a potion of heal wounds
 L - a potion of haste
 O - a potion of berserk rage
 P - 2 potions of magic


   Skills:
 + Level 8.4 Fighting
 - Level 14.6 Long Blades
 + Level 4.6 Armour
 + Level 4.6 Dodging
 - Level 6.1 Unarmed Combat
 - Level 1.0 Spellcasting
 - Level 2.1 Fire Magic


You had 13 spell levels left.
You didn't know any spells.
Your spell library contained the following spells:

 Spells                   Type           Power      Damage    Failure   Level
 Scorch                   Fire           8%         2d5       22%         2
 Beastly Appendage        Tmut           0%         N/A       34%         1
 Magic Dart               Conj           0%         1d3       34%         1
 Blink                    Tloc           0%         N/A       45%         2
 Call Imp                 Summ           0%         N/A       45%         2
 Wereblood                Tmut           0%         N/A       45%         2
 Mephitic Cloud           Conj/Pois/Air  0%         N/A       71%         3
 Spider Form              Tmut/Pois      0%         N/A       71%         3
 Airstrike                Air            0%         N/A       98%         4
 Hailstorm                Conj/Ice       0%         3d3       98%         4
 Ice Form                 Ice/Tmut       0%         N/A       98%         4
 Passage of Golubria      Tloc           0%         N/A       98%         4
 Summon Lightning Spire   Summ/Air       0%         N/A       98%         4
 Lightning Bolt           Conj/Air       0%         1d11      100%        5
 Manifold Assault         Tloc           0%         N/A       100%        5
 Silence                  Hex/Air        0%         N/A       100%        5
 Simulacrum               Ice/Necr       0%         N/A       100%        6
 Storm Form               Tmut/Air       0%         N/A       100%        7
 Lehudib's Crystal Spear  Conj/Erth      0%         10d2      100%        8


Dungeon Overview and Level Annotations

Branches:
Dungeon (11/15)            Temple (0/1) D:4            Lair (3/6) D:11
  Swamp (0/4) Lair:2          Orc (0/2) D:11
  Snake: Lair:2-4    Spider: Lair:2-4

Altars:
Wu Jian

Shops:
D:5 *   D:6 *   D:8 *

Portals:
Trove: D:11 (give +2 gold dragon scales)

Annotations:
D:3 2 transporters, issech's ghost, amateur TrMo


Innate Abilities, Weirdness & Mutations

You are too large for most types of armour.
You have claws for hands.
Your natural rate of healing is unusually fast.
You are covered in fur. (AC +1)
You have tough skin. (AC +1)


Message History

You drain the seven-headed hydra.
The seven-headed hydra is heavily wounded.
The seven-headed hydra barely misses you.
The seven-headed hydra bites you. The seven-headed hydra bites you!
The seven-headed hydra bites you. x2; The seven-headed hydra misses you.
The seven-headed hydra closely misses you.
You chop one of the seven-headed hydra's heads off!
The six-headed hydra grows two more!
You slash the eight-headed hydra!
The eight-headed hydra is heavily wounded.
The eight-headed hydra bites you.
The eight-headed hydra closely misses you. x2
The eight-headed hydra bites you. x2; The eight-headed hydra bites you! x2
The eight-headed hydra barely misses you.
You lop one of the eight-headed hydra's heads off!
The seven-headed hydra grows two more!
You slash the nine-headed hydra!
The nine-headed hydra is moderately wounded.
The nine-headed hydra bites you!
The nine-headed hydra bites you but does no damage.
The nine-headed hydra bites you!
The nine-headed hydra closely misses you.
The nine-headed hydra bites you!
The nine-headed hydra bites you but does no damage. x2
The nine-headed hydra bites you!
* * * LOW HITPOINT WARNING * * *
The nine-headed hydra bites you.
* * * LOW HITPOINT WARNING * * *
You slice one of the nine-headed hydra's heads off!
The eight-headed hydra grows two more!
You slice the ten-headed hydra!!
The ten-headed hydra is heavily wounded.
Unknown command.
You hit the ten-headed hydra.
The ten-headed hydra is heavily wounded.
The ten-headed hydra bites you!
* * * LOW HITPOINT WARNING * * *
The ten-headed hydra bites you!
* * * LOW HITPOINT WARNING * * *
The ten-headed hydra bites you!
* * * LOW HITPOINT WARNING * * *
The ten-headed hydra bites you!
You die...

.........##♣≈♣≈≈P...≈≈≈♣.........
...#.PP#.####.≈≈≈..P≈♣♣..........
...............♣♣..≈♣≈....(......
...#...............P≈♣...P+.##...
..######P#.....#...≈≈....#.......
..## ###.....#.....≈.......#...
..P# #.......P...#..(........
..###### #.......†..........##...
...#P#.###......@................
................D................
............................#.#..
..........................####...
..........................# ##..
..........................# #..
.######....###............# #..
.# ###.## #......#.##..#####.. ##
#.# ##......#..#..P##.P..


You could see a ten-headed hydra (drained).

Vanquished Creatures
  A death knight (D:11)
  3 hydras
  3 death yaks (D:11)
  A skeletal warrior (D:10)
  A bog body (Lair:2)
  Pikel (D:8)
  A manticore (D:6)
  2 cyclopes (D:11)
  An oklob plant (Lair:2)
  A centaur zombie (D:11)
  2 cane toads (Lair:1)
  2 black mambas
  2 gargoyles (D:10)
  2 unseen horrors
  5 komodo dragons
  A guardian mummy (D:11)
  A troll (D:10)
  12 blink frogs
  Prince Ribbit (D:5)
  A meliai zombie (D:11)
  Sigmund (D:3)
  A shadow (D:11)
  3 wraiths
  A wyvern (Lair:2)
  19 yaks
  Eustachio (D:5)
  10 vampire mosquitoes
  4 fire bats (D:10)
  Grum (D:8)
  Menkaure (D:4)
  2 steam dragons
  4 swamp worms (Lair:2)
  3 two-headed ogre zombies (D:10)
  Duvessa (D:3)
  2 acid dragons
  A hell hound (D:10)
  3 water moccasins
  2 black bears
  2 sky beasts
  8 orc warriors
  An ogre (D:6)
  4 wolves (D:8)
  2 lemures (D:8)
  3 centaurs
  4 bullfrogs
  A kobold brigand (D:8)
  2 scorpions
  A wyvern skeleton (D:6)
  A water moccasin skeleton (D:6)
  Dowan (D:3)
  7 killer bees
  4 howler monkeys
  2 electric eels
  2 lava snakes (D:10)
  6 hounds
  A gnoll shaman (D:6)
  5 orc priests
  6 iguanas
  Terence (D:3)
  Natasha (D:3)
  12 orc wizards
  4 hell rats (D:11)
  2 killer bee zombies
  2 howler monkey zombies
  6 gnolls
  13 adders
  3 river rats (D:11)
  3 shadow imps
  2 white imps (D:7)
  3 worms
  A dart slug (D:1)
  27 orcs
  6 endoplasms
  4 giant cockroaches
  5 goblins
  8 hobgoblins
  6 quokkas
  4 ball pythons
  5 bats
  2 frilled lizards
  11 kobolds
  7 rats
  A fire vortex (D:10)
306 creatures vanquished.

Vanquished Creatures (others)
  2 fire vortices (D:10)
  4 fungi (Lair:2)
  8 plants (Lair:2)
14 creatures vanquished.

Grand Total: 320 creatures vanquished

Notes
Turn   | Place    | Note
-------+----------+-------------------------------------------
     0 | D:1      | demenzo the Troll Cinder Acolyte began the quest for the
                  | Orb.
     0 | D:1      | Reached XP level 1. HP: 22/22 MP: 1/1
   129 | D:1      | Reached XP level 2. HP: 29/29 MP: 2/2
   252 | D:1      | Found a faded altar of an unknown god.
   899 | D:2      | Reached XP level 3. HP: 36/36 MP: 3/3
  1275 | D:2      | Reached XP level 4. HP: 35/45 MP: 4/4
  1334 | D:2      | Identified the -3 cloak of Least Resistance {rCorr}
  1350 | D:2      | Noticed a black bear
  1356 | D:2      | Killed a black bear
  1357 | D:2      | Reached skill level 5 in Unarmed Combat
  1357 | D:2      | Reached XP level 5. HP: 45/53 MP: 5/5
  1779 | D:3      | Found an ornate altar of the Wu Jian Council.
  1837 | D:3      | Noticed Terence
  1846 | D:3      | Killed Terence
  1851 | D:3      | Found a transporter.
  1866 | D:3      | Noticed issech's ghost (amateur TrMo)
  1911 | D:3      | Found a transporter.
  1928 | D:3      | Reached skill level 1 in Long Blades
  1967 | D:3      | Reached XP level 6. HP: 47/61 MP: 6/6
  2007 | D:3      | Noticed Natasha
  2010 | D:3      | Killed Natasha
  2023 | D:3      | Noticed Sigmund
  2028 | D:3      | Killed Sigmund
  2029 | D:3      | Reached skill level 3 in Long Blades
  2204 | D:4      | Noticed Duvessa
  2204 | D:4      | Noticed Dowan
  2221 | D:3      | Killed Duvessa
  2222 | D:3      | Reached skill level 4 in Long Blades
  2222 | D:3      | Reached XP level 7. HP: 58/67 MP: 7/7
  2241 | D:3      | Killed Dowan
  2384 | D:4      | Found a staircase to the Ecumenical Temple.
  2550 | D:4      | Noticed Menkaure
  2556 | D:4      | Killed Menkaure
  2557 | D:4      | Reached skill level 5 in Long Blades
  2955 | D:5      | Entered Level 5 of the Dungeon
  2988 | D:5      | Noticed Eustachio
  2998 | D:5      | Killed Eustachio
  2999 | D:5      | Reached skill level 6 in Long Blades
  2999 | D:5      | Reached XP level 8. HP: 34/75 MP: 8/8
  3170 | D:5      | Noticed Prince Ribbit
  3175 | D:5      | Killed Prince Ribbit
  3176 | D:5      | Reached skill level 7 in Long Blades
  3217 | D:5      | Found Gohaatir's General Store.
  3264 | D:5      | Bought a scroll of teleportation for 42 gold pieces
  3264 | D:5      | Bought a scroll of identify for 28 gold pieces
  3563 | D:6      | Found Macziav's Assorted Antiques.
  3691 | D:6      | Reached skill level 8 in Long Blades
  3712 | D:6      | Noticed a manticore
  3724 | D:6      | Killed a manticore
  3725 | D:6      | Reached XP level 9. HP: 29/81 MP: 9/9
  3848 | D:6      | Reached skill level 9 in Long Blades
  4677 | D:7      | Reached skill level 10 in Long Blades
  5380 | D:8      | Noticed Grum
  5391 | D:8      | Killed Grum
  5397 | D:8      | Reached skill level 11 in Long Blades
  5527 | D:8      | Reached XP level 10. HP: 91/91 MP: 10/10
  5620 | D:8      | Noticed Pikel
  5643 | D:8      | Killed Pikel
  5845 | D:8      | Found Rayrr's Serpentskin Sales.
  6077 | D:8      | Identified a scroll of acquirement
  6077 | D:8      | Acquired the +1 hat of the Orb Guardian {rF+ Str+4}
  6175 | D:9      | Reached skill level 12 in Long Blades
  7240 | D:10     | Entered Level 10 of the Dungeon
  7268 | D:10     | Noticed a gargoyle
  7270 | D:10     | Killed a gargoyle
  7445 | D:10     | Reached XP level 11. HP: 47/101 MP: 11/11
  7708 | D:10     | Reached skill level 13 in Long Blades
  8348 | D:10     | Reached skill level 5 in Fighting
  8924 | D:11     | Identified the +3 ring mail "Amyoh" {Int+3 Dex+3}
  8933 | D:11     | Noticed a death yak
  9202 | D:11     | Noticed a death yak
  9226 | D:11     | Killed a death yak
  9290 | D:11     | Noticed a death yak
  9308 | D:11     | Killed a death yak
  9320 | D:11     | Killed a death yak
  9321 | D:11     | Reached skill level 14 in Long Blades
  9379 | D:11     | Found a staircase to the Lair.
  9450 | D:11     | Noticed a death knight
  9450 | D:11     | Noticed a skeletal warrior
  9536 | D:10     | Killed a skeletal warrior
  9744 | D:11     | Killed a death knight
  9745 | D:11     | Reached XP level 12. HP: 50/115 MP: 12/12
 10064 | D:11     | Found a portal to a secret trove of treasure.
 10225 | D:11     | Reached skill level 1 in Armour
 10225 | D:11     | Reached skill level 1 in Dodging
 10351 | D:11     | Found a staircase to the Orcish Mines.
 10455 | Lair:1   | Entered Level 1 of the Lair of Beasts
 11372 | Lair:2   | Noticed a six-headed hydra
 11446 | Lair:2   | Noticed a four-headed hydra
 11527 | Lair:2   | Noticed a seven-headed hydra
 11533 | Lair:2   | Killed an eight-headed hydra
 11701 | Lair:2   | Found the +1 robe of Vines {NoPotionHeal Regen++++}
 12098 | Lair:2   | Killed an eight-headed hydra
 12316 | Lair:2   | Found a staircase to the Swamp.
 12410 | Lair:3   | Noticed a five-headed hydra
 12418 | Lair:3   | Killed a one-headed hydra
 12561 | Lair:2   | Slain by a ten-headed hydra

Illustrated notes

Levels and vault maps discovered:
D:1:      zelgadis_glass_arrival_small, layout_loops_corners,
          chequers_ecumenical_altar_simple_redux
D:2:      layout_loops_corners, chequers_serial_rivers_marsh,
          minmay_indecisive_spiral
D:3:      layout_rooms, mainiacjoe_overflow_tiny_flanked, gammafunk_ghost_arena,
          uniq_sigmund, uniq_natasha, uniq_terence
D:4:      layout_gridville, temple_doors_e, nrook_loot_triangle, uniq_menkaure,
          uniq_duvessa
D:5:      layout_cave_pools, serial_shops, nicolae_shop_hallway_stairs,
          uniq_eustachio, uniq_prince_ribbit1
D:6:      layout_cave_pods, nicolae_stop_n_shop_1, minmay_manual_monstrance
D:7:      layout_gridville
D:8:      layout_rooms, guppyfry_shop_venom, uniq_grum, uniq_pikel
D:9:      layout_layer_cave
D:10:     lemuel_ogre_cave, layout_irregular_city, serial_co_window_serial,
          co_window_of_opportunity_a, co_window_paths_a, co_window_paths_a,
          co_window_corner_a, co_window_of_opportunity_a, co_window_2corner,
          co_window_paths_c, co_window_of_opportunity_b, co_window_corner_b,
          co_window_unsneaky_path_d, co_window_paths_e, co_window_4corner_a,
          glass_columns_a, glass_columns_c, hangedman_incinerator
D:11:     layout_irregular_city, dpeg_lair_monsters, david_orc_4,
          nicolae_trove_entry_path_of_doom
Lair:1:   layout_big_grid
Lair:2:   layout_chaotic_city, nicolae_swamp_entry_splash_gauntlet,
          serial_bayou_ford_a, hellmonk_guarded_unrand_vines
Lair:3:   layout_regular_city, guppyfry_snake_entry_island,
          minmay_lair_oklob_bushes, beast_lair_carwin_7

Skill      XL: |  1  2  3  4  5  6  7  8  9 10 11 12 |
---------------+-------------------------------------+-----
Unarmed Combat | 4 5 6 |  6.1
Fighting       | 3 4 6 8 |  8.4
Long Blades    | 1 4 6 8 11 12 14 | 14.6
Armour         | 4 |  4.6
Dodging        | 4 |  4.6
Spellcasting   | |  1.0
Fire Magic     | |  2.1

Action                   |  1- 3 |  4- 6 |  7- 9 | 10-12 || total
-------------------------+-------+-------+-------+-------++-------
Melee: Unarmed           |    88 |    32 |       |       ||   120
       Punch             |     1 |     2 |     4 |    19 ||    26
       Long sword        |       |    27 |   179 |   465 ||   671
Throw: Dart              |       |       |       |     1 ||     1
       Large rock        |       |       |       |     7 ||     7
Invok: Fiery Armour      |       |       |     1 |       ||     1
Evoke: Wand              |       |       |       |     6 ||     6
  Use: Scroll            |       |       |     6 |    15 ||    21
       Potion            |       |       |     1 |       ||     1
Armor: Robe              |    38 |    12 |    46 |    86 ||   182
       Acid dragon scale |       |       |       |    25 ||    25
Dodge: Dodged            |    36 |    32 |    82 |   255 ||   405
